 Dungeon Crawl Stone Soup version 0.30.0-20-g3b4254fcbd (webtiles) character file.

Game seed: 6256931760572288635

14354 Midn8 the Grappler (level 11, -2/84 HPs)
             Began as a Demonspawn Berserker on June 3, 2023.
             Was a High Priest of Trog.
             Slain by an orc knight
             ... wielding a +0 halberd
              (16 damage)
             ... in a bailey.
             The game lasted 00:20:32 (6945 turns).

Midn8 the Grappler (Demonspawn Berserker)           Turns: 6945, Time: 00:20:33

Health: -2/84      AC: 25    Str: 28    XL:     11   Next: 87%
Magic:  11/11      EV: 10    Int:  9    God:    Trog [*****.]
Gold:   185        SH:  0    Dex: 12    Spells: 10/10 levels left

rFire   + .          .
                       - Unarmed
rCold   + . .        (no shield)
rNeg    . . .        i - +1 chain mail
rPois   .            L - +2 helmet "Ismyadieg" {Contam rF+ rC+}
rElec   .            B - +1 cloak
rCorr   .            N - +2 pair of gloves
SInv    .            u - +0 pair of boots
Will    +++..        H - amulet of regeneration Stlth
                     a - +6 ring of strength
HPRegen 2.14/turn    b - ring of willpower
MPRegen 0.12/turn

%: no passive effects
@: strong-willed, on berserk cooldown, regenerating, slowed, very slow
A: claws 1, slimy green scales 1, powered by death 1, spiny 1
a: Renounce Religion, Berserk, Trog's Hand, Brothers in Arms


You were in a bailey.
You worshipped Trog.
Trog was extremely pleased with you.
You visited 2 branches of the dungeon, and saw 9 of its levels.
You also visited: Sewer and Bailey.

You collected 470 gold pieces.
You spent 285 gold pieces at shops.

Inventory:

Hand Weapons
 c - a +1 sling
Missiles
 t - 3 throwing nets (quivered)
 I - a curare-tipped dart
 J - 17 poisoned darts
 O - 3 javelins
Armour
 i - a +1 chain mail (worn)
 u - a +0 pair of boots (worn)
 B - a +1 cloak (worn)
 L - the +2 helmet "Ismyadieg" (worn) {Contam rF+ rC+}
   (You found it on level 7 of the Dungeon)

   rF:        It protects you from fire.
   rC:        It protects you from cold.
   Contam:    It causes magical contamination when unequipped.
 N - a +2 pair of gloves (worn)
Jewellery
 a - a +6 ring of strength (left hand)
 b - a ring of willpower (right hand)
 d - a ring of magical power
 j - a ring of magical power
 w - an amulet of the acrobat
 H - an amulet of regeneration (around neck)
Wands
 y - a wand of polymorph (6)
 K - a wand of light (19)
Scrolls
 e - a scroll of brand weapon {unknown}
 g - a scroll of noise
 n - 3 scrolls of teleportation
 o - 3 scrolls of vulnerability
 p - a scroll of torment {unknown}
 x - 2 scrolls of immolation
 z - a scroll of butterflies
 A - a scroll of enchant weapon
 C - a scroll of poison {unknown}
 E - 2 scrolls of magic mapping
 G - a scroll of fear {unknown}
Potions
 f - 3 potions of mutation
 h - a potion of flight
 k - 8 potions of curing
 l - 4 potions of might
 m - 3 potions of heal wounds
 q - a potion of attraction
 r - 2 potions of haste
 s - 3 potions of invisibility
 v - a potion of lignification
 D - a potion of resistance {unknown}
 P - 3 potions of cancellation {unknown}
 Q - a potion of magic {unknown}
Miscellaneous
 M - a phantom mirror (inert)


   Skills:
 - Level 7.0 Fighting
 - Level 10.1 Armour
 - Level 1.7 Dodging
 + Level 12.1 Unarmed Combat
 - Level 6.0 Evocations


You had 10 spell levels left.
You didn't know any spells.
Your spell library was empty.

Dungeon Overview and Level Annotations

Branches:
Dungeon (8/15)             Temple (1/1) D:5           Sewer (visited)
 Bailey (1/1)
   Lair: D:8-11

Altars:
Ashenzari
Cheibriados
Dithmenos
Fedhas
Gozag
Hepliaklqana
Kikubaaqudgha
Nemelex Xobeh
Okawaru
Ru
Sif Muna
Trog
Vehumet
Wu Jian
Xom
Yredelemnul

Shops:
D:4 [   D:7 *

Annotations:
D:6 1 runed translucent door, Bobsterar's ghost, novice MiFi


Innate Abilities, Weirdness & Mutations

You have sharp fingernails.
You are partially covered in slimy green scales. (AC +2)
You regenerate a little health from kills.
You are partially covered in sharp spines.


Message History

* * * LOW HITPOINT WARNING * * *
You closely miss the orc knight.
The orc knight is heavily wounded.
You pummel the orc knight!!
The orc knight is almost dead.
The orc knight barely misses you.
Your orc knight closely misses the orc knight.
The orc knight hits you but does no damage.
You punch the orc knight!
You kill the orc knight!
Trog accepts your kill.
Your Unarmed Combat skill increases to level 12!
Your orc knight no longer looks unusually strong.
Your orc knight hits the orc knight with a +0 halberd!
You feel a strong urge to attack something.
Your orc knight hits the orc knight with a +0 halberd!
There is an open gate here.
Things that are here:
a +0 trident; an orc corpse You feel your anger nearly subside.
You are no longer berserk.
You are exhausted.
You feel yourself slow down.
Your orc knight hits the orc knight from afar with a +0 halberd.
Things that are here:
a +0 trident; an orc corpse
Aiming: Bolt of Light
Press: ? - help, Shift-Dir - straight line, f - orc knight
Aim: an orc knight, wielding a +0 halberd and wearing a +0 chain mail (moderately wounded, strong, ally target, 71% to hit)
The bolt of light hits the orc knight!!
The orc knight is heavily wounded.
The orc knight is blinded.
The orc knight no longer looks unusually strong.
Your orc knight hits the orc knight from afar with a +0 halberd.
The orc knight hits you from afar with a +0 halberd.
* * * LOW HITPOINT WARNING * * *
Your skin crawls.
You feel strong-willed.
Your orc knight shimmers and vanishes!
The orc knight hits you from afar with a +0 halberd!
You die...

##'''##
#.....#
#.....#
#..)..#
#..)..#
#.....#
##'o'##
##.))).##
#..)@)..#
#.......#
#.)#.#..#
#))#8#..#
#..)....#
##.)...##
###'###
#...#
#...#


You could see an orc knight (blind).

Vanquished Creatures
  A boulder beetle (D:7)
  2 two-headed ogres (D:7)
  An orc knight (Bailey)
  A gargoyle (D:7)
  A kobold demonologist (D:7)
  2 hornets
  Sigmund (D:2)
  A vampire (D:8)
  2 wyverns (D:8)
  2 water moccasins
  Duvessa (D:4)
  An ice beast (D:7)
  2 orc warriors (Bailey)
  2 sky beasts (D:7)
  4 black bears
  5 centaurs
  2 phantoms
  5 kobold brigands
  A gnoll sergeant (D:7)
  4 bullfrogs
  2 scorpions
  5 wights (D:7)
  Dowan (D:4)
  4 killer bees (D:7)
  2 hounds
  An orc priest (D:6)
  Crazy Yiuf (D:5)
  A jelly (D:5)
  2 sleepcaps
  Jessica (D:3)
  An iguana (D:5)
  Natasha (thrice) (D:2)
  4 orc wizards
  Robin (D:3)
  12 gnolls
  10 adders
  3 white imps
  A worm (D:2)
  2 dart slugs
  25 orcs
  5 bats
  6 endoplasms
  10 giant cockroaches
  22 goblins
  5 hobgoblins
  11 jackals
  26 kobolds
  4 quokkas
  10 ball pythons
  9 frilled lizards
  5 rats
236 creatures vanquished.

Vanquished Creatures (collateral kills)
  An orc warrior (Bailey)
1 creature vanquished.

Grand Total: 237 creatures vanquished

Notes
Turn   | Place    | Note
-------+----------+-------------------------------------------
     0 | D:1      | Midn8 the Demonspawn Berserker began the quest for the Orb.
     0 | D:1      | Reached XP level 1. HP: 18/18 MP: 1/1
    98 | D:1      | Reached skill level 3 in Unarmed Combat
   148 | D:1      | Gained mutation: You are partially covered in sharp spines.
                  | [demonic ancestry]
   148 | D:1      | Reached XP level 2. HP: 24/24 MP: 2/2
   603 | D:1      | Reached ** piety under Trog
   604 | D:1      | Gained mutation: You regenerate a little health from kills.
                  | [demonic ancestry]
   604 | D:1      | Reached XP level 3. HP: 29/29 MP: 3/3
   673 | D:2      | Noticed Natasha
   683 | D:2      | Killed Natasha
   684 | D:2      | Reached skill level 4 in Unarmed Combat
   818 | D:2      | Noticed Natasha
   862 | D:2      | Killed Natasha
   863 | D:2      | Gained mutation: You are partially covered in slimy green
                  | scales. (AC +2) [demonic ancestry]
   863 | D:2      | Reached XP level 4. HP: 34/35 MP: 4/4
   933 | D:2      | Noticed Natasha
   947 | D:2      | Killed Natasha
   948 | D:2      | Reached skill level 5 in Unarmed Combat
   982 | D:2      | Noticed Sigmund
   992 | D:2      | Killed Sigmund
   993 | D:2      | Reached skill level 6 in Unarmed Combat
   993 | D:2      | Reached XP level 5. HP: 41/41 MP: 5/5
   993 | D:2      | Reached XP level 6. HP: 47/47 MP: 6/6
  1187 | D:2      | Found a basalt altar of Yredelemnul.
  1281 | D:3      | Found a glowing drain.
  1290 | Sewer    | Entered a sewer
  1664 | D:3      | Noticed Robin
  1667 | D:3      | Reached *** piety under Trog
  1682 | D:3      | Killed Robin
  1876 | D:3      | Reached skill level 7 in Unarmed Combat
  2062 | D:3      | Noticed Jessica
  2074 | D:3      | Killed Jessica
  2441 | D:4      | Found a basalt altar of Yredelemnul.
  2477 | D:4      | Reached XP level 7. HP: 53/53 MP: 7/7
  2631 | D:4      | Found Zotais's Armour Shop.
  2639 | D:4      | Bought a +0 pair of boots for 58 gold pieces
  2639 | D:4      | Bought a +0 pair of gloves for 58 gold pieces
  2744 | D:4      | Found a bloodstained altar of Trog.
  2744 | D:4      | Found a blossoming altar of Fedhas.
  2744 | D:4      | Found a broken altar of Ashenzari.
  2756 | D:4      | Found an iron altar of Okawaru.
  2757 | D:4      | Found a hazy altar of Hepliaklqana.
  2763 | D:4      | Found a sacrificial altar of Ru.
  2766 | D:4      | Found a snail-covered altar of Cheibriados.
  2767 | D:4      | Found an ancient bone altar of Kikubaaqudgha.
  2778 | D:4      | Reached skill level 5 in Fighting
  3064 | D:4      | Identified the +6 whip "Qeryk" {pain, rF+ Str+3}
  3154 | D:4      | Noticed Dowan
  3163 | D:4      | Noticed Duvessa
  3174 | D:4      | Killed Dowan
  3178 | D:4      | Killed Duvessa
  3387 | D:4      | Found a shimmering altar of Xom.
  3389 | D:4      | Found a blossoming altar of Fedhas.
  3389 | D:4      | Found an iron altar of Okawaru.
  3391 | D:4      | Found a bloodstained altar of Trog.
  3391 | D:4      | Found a shimmering altar of Xom.
  3514 | D:5      | Entered Level 5 of the Dungeon
  3694 | D:5      | Found a staircase to the Ecumenical Temple.
  3729 | Temple   | Entered the Ecumenical Temple
  4044 | D:5      | Found an ornate altar of the Wu Jian Council.
  4047 | D:5      | Reached **** piety under Trog
  4055 | D:5      | Identified the +2 ring mail "Bilurorisa" {rElec Int+2
                  | Stlth-}
  4277 | D:5      | Identified the +3 scale mail of the Trombone {rN+ rCorr}
  4351 | D:5      | Found a runed translucent door.
  4352 | D:5      | Noticed Crazy Yiuf
  4358 | D:5      | Killed Crazy Yiuf
  4359 | D:5      | Reached XP level 8. HP: 62/62 MP: 8/8
  4560 | D:6      | Reached skill level 8 in Unarmed Combat
  4623 | D:6      | Found a runed translucent door.
  4624 | D:6      | Noticed a cyclops
  4625 | D:6      | Noticed Bobsterar's ghost (novice MiFi)
  4818 | D:6      | Reached skill level 9 in Unarmed Combat
  5493 | D:7      | Reached XP level 9. HP: 63/68 MP: 9/9
  5533 | D:7      | Reached skill level 10 in Unarmed Combat
  5771 | D:7      | Reached ***** piety under Trog
  5821 | D:7      | Found Faromm's CLEARANCE SALE!.
  5838 | D:7      | Identified the +2 helmet "Ismyadieg" {Contam rF+ rC+}
  5865 | D:7      | Bought a phantom mirror for 120 gold pieces
  5865 | D:7      | Bought a +2 pair of gloves for 49 gold pieces
  6015 | D:7      | Noticed a boulder beetle
  6018 | D:7      | Reached skill level 5 in Armour
  6032 | D:7      | Killed a boulder beetle
  6098 | D:7      | Noticed a gargoyle
  6100 | D:7      | Noticed a two-headed ogre
  6101 | D:7      | Noticed a kobold demonologist
  6111 | D:7      | Killed a two-headed ogre
  6112 | D:7      | Reached XP level 10. HP: 79/79 MP: 10/10
  6123 | D:7      | Killed a gargoyle
  6278 | D:7      | Noticed a two-headed ogre
  6284 | D:7      | Killed a two-headed ogre
  6493 | D:7      | Found a shimmering blue altar of Sif Muna.
  6703 | D:8      | Reached skill level 10 in Armour
  6722 | D:8      | Found a flagged portal.
  6740 | D:8      | Paralysed by a hornet for 3 turns
  6780 | Bailey   | Entered a bailey
  6855 | Bailey   | Received a gift from Trog
  6871 | Bailey   | Reached skill level 11 in Unarmed Combat
  6871 | Bailey   | Reached skill level 5 in Evocations
  6871 | Bailey   | Gained mutation: You have sharp fingernails. [demonic
                  | ancestry]
  6871 | Bailey   | Reached XP level 11. HP: 84/84 MP: 11/11
  6919 | Bailey   | Noticed an orc knight
  6919 | Bailey   | Noticed an orc knight
  6939 | Bailey   | Killed an orc knight
  6940 | Bailey   | Reached skill level 12 in Unarmed Combat
  6945 | Bailey   | Slain by an orc knight

Illustrated notes

Levels and vault maps discovered:
D:1:      psy_arrival_terrarium, layout_basic, minmay_domino_2
D:2:      layout_basic, basic_altar, uniq_sigmund, uniq_natasha
D:3:      layout_basic, portal_sewer_entry_d, serial_bayou_lagoon_a,
          wad_floor_pattern_untrapped, uniq_robin, uniq_jessica
D:4:      layout_loops_corners, nicolae_overflow_hallway_of_the_gods,
          doesnt_xom_only_xom, nicolae_overflow_crystal_walls, serial_shops,
          nicolae_diamond_shop, uniq_duvessa
D:5:      layout_loops_ring, nicolae_wu_jian_immortal_techniques,
          minmay_temple_entry_tees, uniq_crazy_yiuf_cottage
D:6:      layout_basic, ebering_ghost_inner_flame, roderic_lattice_a
D:7:      nzn_winding_woodlands_three_and_one [nzn_winding_woodlands_5x15_cabin,
          nzn_winding_woodlands_5x15_pockets, nzn_winding_woodlands_5x15_garden,
          nzn_winding_woodlands_center_triple_pond], layout_cave_pools,
          mainiacjoe_overflow_alcove_1, nicolae_shop_clearance
D:8:      layout_rooms, enter_bailey_5
Temple:   hellmonk_temple_flake
Bailey:   bailey_polearm_5, bailey

Skill      XL: |  1  2  3  4  5  6  7  8  9 10 11 |
---------------+----------------------------------+-----
Unarmed Combat | 3 4 6 7 9 10 11 12 | 12.1
Fighting       | 5 7 |  7.0
Armour         | 4 7 10 | 10.1
Evocations     | 5 6 |  6.0
Dodging        | |  1.7

Action                     |  1- 3 |  4- 6 |  7- 9 | 10-12 || total
---------------------------+-------+-------+-------+-------++-------
  Melee: Unarmed           |    93 |   120 |   281 |   127 ||   621
         Punch             |     2 |     4 |    17 |     5 ||    28
 Invoke: Berserk           |     1 |     2 |     5 |     2 ||    10
         Trog's Hand       |       |     1 |       |     1 ||     2
  Evoke: Wand              |       |       |       |     1 ||     1
         Phantom mirror    |       |       |       |     1 ||     1
    Use: Scroll            |       |    12 |       |     5 ||    17
         Potion            |       |       |       |     1 ||     1
 Armour: Animal skin       |    15 |       |       |       ||    15
         Chain mail        |    28 |    55 |   156 |   132 ||   371
  Dodge: Dodged            |    52 |    36 |   125 |    80 ||   293
